 Dungeon Crawl Stone Soup version 0.25.0-15-gac7dcb8919 (webtiles) character file.

Game seed: 37552457881220078

3104 protoss039 the Cleaver (level 9, 0/82 HPs)
             Began as a Minotaur Fighter on June 29, 2020.
             Slain by Gastronok (25 damage)
             ... on level 8 of the Dungeon.
             The game lasted 00:13:08 (7792 turns).

protoss039 the Cleaver (Minotaur Fighter)           Turns: 7792, Time: 00:13:09

Health: 0/82       AC: 12    Str: 23    XL:     9   Next: 59%
Magic:  8/8        EV:  6    Int:  5    God:
Gold:   272        SH: 11    Dex: 11    Spells: 8/8 levels left

rFire    . . .     SeeInvis .   z - +0 hand axe (vorpal)
rCold    . . .     Gourm    .   c - +0 kite shield
rNeg     . . .     Faith    .   p - +0 chain mail
rPois    .         Spirit   .   (helmet restricted)
rElec    .         Reflect  .   (no cloak)
rCorr    .         Harm     .   m - +0 pair of gloves
MR       .....                  (no boots)
Stlth    ..........             (no amulet)
HPRegen  0.23/turn              (no ring)
MPRegen  0.11/turn              (no ring)

@: mighty
A: retaliatory headbutt, horns 2
a: no special abilities


You were on level 8 of the Dungeon.
You were not hungry.

You visited 2 branches of the dungeon, and saw 9 of its levels.

You collected 272 gold pieces.

Inventory:

Hand Weapons
 a - a +0 war axe
 z - a +0 vorpal hand axe (weapon)
Armour
 c - a +0 kite shield (worn)
 k - a +2 helmet
 m - a +0 pair of gloves (worn)
 p - a +0 chain mail (worn)
Jewellery
 E - an uncursed amulet of magic regeneration
Wands
 g - a wand of paralysis (8)
 r - a wand of flame (14)
 w - a wand of random effects (41)
Scrolls
 b - 3 scrolls of remove curse
 e - 3 scrolls of teleportation
 j - a scroll of immolation {unknown}
 l - a scroll of enchant weapon {unknown}
 x - a scroll of amnesia {unknown}
 y - 2 scrolls of fear {unknown}
 B - a scroll of random uselessness {unknown}
 D - a scroll of magic mapping {unknown}
Potions
 d - a potion of might
 i - a potion of degeneration {unknown}
 n - 2 potions of flight
 o - a potion of haste {unknown}
 q - a potion of ambrosia {unknown}
 s - 4 potions of heal wounds
 t - 2 potions of brilliance
 u - 2 potions of lignification {unknown}
 v - 2 potions of magic {unknown}
 A - a potion of cancellation {unknown}
 F - a potion of curing
Comestibles
 f - 14 rations


   Skills:
 + Level 8.3 Fighting
 + Level 11.2 Axes
 + Level 7.7 Armour
 + Level 6.9 Shields


You had 8 spell levels left.
You didn't know any spells.
Your spell library was empty.

Dungeon Overview and Level Annotations

Branches:
Dungeon (8/15)             Temple (1/1) D:6
   Lair: D:8-11

Altars:
Ashenzari
Dithmenos
Elyvilon
Fedhas
Kikubaaqudgha
Makhleb
Nemelex Xobeh
Qazlal
Sif Muna
Uskayaw
Vehumet
Wu Jian
Xom
Yredelemnul
Zin
The Shining One
Lugonu

Annotations:
D:5 1 runed translucent door, Esekla's ghost, amateur OpNe
D:8 Gastronok; Maggie


Innate Abilities, Weirdness & Mutations

You reflexively headbutt those who attack you in melee.
You have a pair of horns on your head.


Message History

You miss something. Something hits you. Something burns you.
You hit Gastronok.
Gastronok is severely wounded.
You slash something!
Gastronok waves his eye-stalks in wide circles.
The air twists around and strikes you!!
* * * LOW HITPOINT WARNING * * *
You hear some strange, mumbled words.
Unknown command.
You feel better. Something hits you but does no damage.
Unknown command.
Unknown command.
You slash Gastronok! You headbutt Gastronok!
Gastronok is almost dead.
You barely miss something.
Unknown command.
You completely miss Gastronok. You headbutt Gastronok.
Gastronok is almost dead.
You closely miss something. Gastronok bites you!!
You die...

... ..#.#
#.#.# #.#.#
#.#.#
..#####.#.#
...@....#.#
.#####{#.#
........@.#
..###.#..w#
.........
#.#.#######
#.#. # . .
##


You could see Gastronok (swift).

Vanquished Creatures
  Pikel (D:6)
  Grinder (D:6)
  A wyvern (D:7)
  Menkaure (D:5)
  Edmund (D:5)
  An orc warrior (D:6)
  2 slaves (D:6)
  A phantom (D:5)
  An ice beast (D:7)
  A sky beast (D:7)
  3 ogres
  2 centaurs
  A water moccasin zombie (D:6)
  3 scorpions
  A howler monkey (D:6)
  A bullfrog zombie (D:7)
  A centaur zombie (D:6)
  2 bullfrog skeletons
  3 orc priests
  2 centaur skeletons
  2 hounds
  Ijyb (D:3)
  Jessica (D:2)
  An iguana (D:7)
  9 orc wizards
  4 worker ants
  A killer bee zombie (D:4)
  8 gnolls
  8 adders
  3 oozes
  An adder zombie (D:3)
  4 adder skeletons
  2 worms
  4 dart slugs
  5 leopard geckos
  19 orcs
  3 ball pythons
  8 bats
  3 giant cockroaches
  6 goblins
  11 hobgoblins
  3 jackals
  4 quokkas
  7 frilled lizards
  5 kobolds
  A quokka skeleton (D:4)
  6 rats
160 creatures vanquished.

Vanquished Creatures (others)
  2 orc wizards (D:6)
  A shadow imp (D:6)
  2 orcs (D:6)
5 creatures vanquished.

Grand Total: 165 creatures vanquished

Notes
Turn   | Place    | Note
-------+----------+-------------------------------------------
     0 | D:1      | protoss039 the Minotaur Fighter began the quest for the
                  | Orb.
     0 | D:1      | Reached XP level 1. HP: 19/19 MP: 0/0
    47 | D:1      | Reached XP level 2. HP: 23/27 MP: 1/1
   221 | D:1      | Reached skill level 3 in Axes
   616 | D:2      | Reached XP level 3. HP: 34/34 MP: 2/2
   668 | D:2      | Reached skill level 4 in Axes
   671 | D:2      | Reached XP level 4. HP: 41/41 MP: 3/3
   687 | D:2      | Noticed Jessica
   692 | D:2      | Killed Jessica
   692 | D:2      | Reached skill level 5 in Fighting
   727 | D:2      | Noticed a centaur
   735 | D:2      | Killed a centaur
   735 | D:2      | Reached skill level 5 in Axes
   735 | D:2      | Reached XP level 5. HP: 15/48 MP: 4/4
  1237 | D:2      | Reached skill level 6 in Axes
  1747 | D:2      | Reached XP level 6. HP: 51/56 MP: 5/5
  2117 | D:3      | Found a white marble altar of Elyvilon.
  2191 | D:3      | Found a sparkling altar of Nemelex Xobeh.
  2378 | D:3      | Noticed Ijyb
  2399 | D:3      | Killed Ijyb
  2874 | D:4      | Reached skill level 7 in Axes
  3167 | D:4      | Reached XP level 7. HP: 42/63 MP: 6/6
  3346 | D:4      | Reached skill level 8 in Axes
  3632 | D:4      | Found a shimmering blue altar of Sif Muna.
  4190 | D:5      | Entered Level 5 of the Dungeon
  4208 | D:5      | Noticed Menkaure
  4214 | D:5      | Killed Menkaure
  4214 | D:5      | Reached skill level 9 in Axes
  4429 | D:5      | Noticed Edmund
  4438 | D:5      | Killed Edmund
  4438 | D:5      | Reached XP level 8. HP: 62/71 MP: 7/7
  4622 | D:5      | Found a runed translucent door.
  4622 | D:5      | Noticed Esekla's ghost (amateur OpNe)
  4816 | D:5      | Reached skill level 5 in Armour
  5014 | D:6      | Noticed Pikel
  5046 | D:6      | Killed Pikel
  5046 | D:6      | Reached skill level 10 in Axes
  5046 | D:6      | Reached skill level 5 in Shields
  5290 | D:6      | Reached XP level 9. HP: 75/79 MP: 8/8
  5321 | D:6      | Found a stormy altar of Qazlal.
  5388 | D:6      | Noticed Grinder
  5408 | D:6      | Paralysed by Grinder for 5 turns
  5414 | D:6      | Killed Grinder
  5575 | D:6      | Found a staircase to the Ecumenical Temple.
  5584 | Temple   | Entered the Ecumenical Temple
  5752 | D:6      | Found a shattered altar of Ashenzari.
  5752 | D:6      | Found a hide-covered altar of Uskayaw.
  5753 | D:6      | Found a radiant altar of Vehumet.
  6963 | D:7      | Reached skill level 11 in Axes
  7777 | D:8      | Noticed Gastronok
  7777 | D:8      | Noticed Maggie
  7792 | D:8      | Slain by Gastronok

Illustrated notes

Levels and vault maps discovered:
D:1:      minmay_arrival_cross, layout_rooms
D:2:      layout_loops_ring, uniq_jessica
D:3:      layout_loops_corners, lemuel_round_altar, elyvilon_altar_1,
          serial_undead, serial_undead_b, serial_undead_a, serial_undead_a,
          serial_undead_b, serial_undead_d, serial_undead_e, uniq_ijyb
D:4:      layout_cave_pods, marbit_many_paths
D:5:      layout_rooms, gammafunk_ghost_grave, first_ration, uniq_edmund,
          uniq_menkaure
D:6:      layout_gridville, gammafunk_temple_overflow_claw,
          nicolae_qazlal_style_of_elements,
          minmay_temple_entry_drinking_statues, uniq_pikel, uniq_grinder
D:7:      layout_loops_ring
D:8:      layout_basic, uniq_maurice, uniq_gastronok, uniq_joseph, uniq_maggie
Temple:   kb_corrupted_temple

Skill      XL: |  1  2  3  4  5  6  7  8  9 |
---------------+----------------------------+-----
Fighting       | 4 5 6 7 8 |  8.3
Axes           | 3 4 5 6 7 9 10 11 | 11.2
Armour         | 4 6 7 |  7.7
Shields        | 4 5 6 |  6.9

Action                   |  1- 3 |  4- 6 |  7- 9 || total
-------------------------+-------+-------+-------++-------
Melee: War axe           |    57 |   181 |    92 ||   330
       Headbutt          |    14 |    26 |    62 ||   102
       Hand axe          |       |       |   200 ||   200
  Use: Scroll            |       |       |     8 ||     8
       Potion            |       |       |     6 ||     6
  Eat: Chunk             |       |     8 |    14 ||    22
Armor: Scale mail        |    38 |    37 |       ||    75
       Chain mail        |       |    57 |   113 ||   170
Dodge: Dodged            |    22 |    39 |    43 ||   104
Block: Kite shield       |    37 |    85 |   124 ||   246
